 Dungeon Crawl Stone Soup version 0.19-a0-1079-g88a7474 (webtiles) character file.

126 mistymad the Skirmisher (level 5, -3/43 HPs)
             Began as a Formicid Abyssal Knight on Aug 6, 2016.
             Was a Priest of Lugonu.
             Slain by herpmino's ghost (11 damage)
             ... on level 3 of the Dungeon.
             The game lasted 00:05:09 (2991 turns).

mistymad the Skirmisher (Formicid Abyssal Knight)   Turns: 2991, Time: 00:05:10

Health: -3/43      AC:  3    Str: 17    XL:     5   Next: 32%
Magic:  6/6        EV: 12    Int: 12    God:    Lugonu [***...]
Gold:   87         SH:  0    Dex: 10    Spells: 0 memorised, 4 levels left

rFire  + . .     SeeInvis +     a - +1 mace
rCold  . . .     Gourm    .     b - +0 leather armour
rNeg   . . .     Faith    .     (no shield)
rPois  .         Spirit   .     (helmet unavailable)
rElec  .         Dismiss  .     (no cloak)
rCorr  .         Reflect  .     (no gloves)
SustAt .         Harm     .     (no boots)
MR     .....                    (no amulet)
Stlth  +.........               (no ring)
                                n - ring of protection from fire

@:
A: permanent stasis, dig shafts and tunnels, four strong arms, antennae 3
a: Dig, Shaft Self, Depart the Abyss, Bend Space, Banish, Renounce Religion


You were on level 3 of the Dungeon.
You worshipped Lugonu.
Lugonu was most pleased with you.
You were not hungry.

You visited 1 branch of the dungeon, and saw 3 of its levels.
You visited the Abyss 1 time.

You collected 87 gold pieces.

Inventory:

Hand Weapons
 a - a +1 mace (weapon)
Armour
 b - a +0 leather armour (worn)
 d - a +0 buckler
Jewellery
 n - a ring of protection from fire (left hand)
 v - an uncursed amulet of rage {unknown}
Scrolls
 e - 10 scrolls of identify {unknown}
 j - 4 scrolls of remove curse {unknown}
 k - a scroll of noise {unknown}
 l - 2 scrolls of enchant weapon {unknown}
 p - a scroll of amnesia {unknown}
 s - 3 scrolls of recharging {unknown}
 u - 2 scrolls of blinking {unknown}
Potions
 g - a potion of might {unknown}
 h - a potion of cure mutation {unknown}
 i - 4 potions of brilliance {unknown}
 o - a potion of haste {unknown}
 t - 2 potions of degeneration {unknown}
Comestibles
 c - 2 bread rations
 f - a slice of pizza
 m - a beef jerky
 q - 3 chunks of flesh
 r - a meat ration


   Skills:
 + Level 4.4 Fighting
 + Level 2.9 Maces & Flails
 + Level 2.8 Armour
 + Level 1.8 Dodging
 + Level 1.9 Shields
 - Level 2.1 Invocations


You had 4 spell levels left.
You didn't know any spells.

Dungeon Overview and Level Annotations

Branches:
Dungeon (3/15)

Altars:

Annotations:
D:3 herpmino's ghost, amateur FoFi


Innate Abilities, Weirdness & Mutations

You are under a permanent stasis effect.
You can dig through walls and to a lower floor.
Your four strong arms can wield two-handed weapons with a shield.
You have a pair of large antennae on your head. (SInv)


Message History

Herpmino's ghost is lightly damaged.
Herpmino's ghost hits you! x2
You take 15 damage, and have 19/43 hp.
MASSIVE DAMAGE!!
You hit herpmino's ghost but do no damage.
Herpmino's ghost is lightly damaged.
Herpmino's ghost hits you!
* * * LOW HITPOINT WARNING * * *
You take 11 damage, and have 8/43 hp.
MASSIVE DAMAGE!!
You are too injured to fight recklessly!
You are too injured to fight recklessly!
You are too injured to fight recklessly!
You are too injured to fight recklessly!
You are too injured to fight recklessly!
You are too injured to fight recklessly!
You are too injured to fight recklessly!
You are too injured to fight recklessly!
You hit herpmino's ghost but do no damage.
Herpmino's ghost is lightly damaged.
Herpmino's ghost hits you!
You die...

###.#####.#.#....#####
.
#...........###).....#
.#.##......####.#......
{
#.....#........#.#.#..
#.##.#_#...........#.
#.##..#..#######.###.#
#........#######.# #.#
#....W...........###.##
#>....@................
#######.######## #.....
#............#.....
###...########.#.....
#........# #.#..)..
#........# #.#.....
#........# #.#.....
########## #.###(##
###.###...


You could see herpmino's ghost.

Vanquished Creatures
  4 adders
  An ooze (D:2)
  3 dart slugs
  5 giant geckos
  A ball python (D:2)
  5 giant cockroaches
  7 goblins
  5 hobgoblins
  14 kobolds
  14 bats
  4 giant newts
  12 rats
75 creatures vanquished.

Vanquished Creatures (others)
  2 plants (D:2)
2 creatures vanquished.

Grand Total: 77 creatures vanquished

Notes
Turn   | Place    | Note
-------+----------+-------------------------------------------
     0 | Abyss:1  | mistymad the Formicid Abyssal Knight began the quest for the Orb.
     0 | Abyss:1  | Reached XP level 1. HP: 18/18 MP: 2/2
    21 | D:1      | Escaped the Abyss
    48 | D:1      | Reached skill level 1 in Dodging
   201 | D:1      | Reached XP level 2. HP: 22/24 MP: 3/3
   555 | D:1      | Reached ** piety under Lugonu
   555 | D:1      | Reached XP level 3. HP: 30/30 MP: 4/4
   693 | D:1      | Reached skill level 4 in Fighting
   754 | D:1      | Reached skill level 1 in Shields
  1020 | D:2      | Reached XP level 4. HP: 28/37 MP: 5/5
  2091 | D:2      | Reached *** piety under Lugonu
  2091 | D:2      | Reached XP level 5. HP: 33/43 MP: 6/6
  2918 | D:3      | Found a faded altar of an unknown god.
  2981 | D:3      | Noticed herpmino's ghost (amateur FoFi)
  2991 | D:3      | Slain by herpmino's ghost

Vault maps used:
D:1:      minmay_arrival_three_doors, minmay_hexomino_c4
D:2:      kennysheep_big_flooded_room, first_bread, minmay_statues_item,
          lexackson_kobold_supper
D:3:      ecumenical_altar_1

Skill      XL: |  1  2  3 |
---------------+----------+-----
Dodging        | 1 |  1.8
Fighting       | 4 |  4.4
Shields        | 1 |  1.9
Maces & Flails | |  2.9
Armour         | |  2.8
Invocations    | |  2.1

Action                   |  1- 3 |  4- 6 || total
-------------------------+-------+-------++-------
Melee: Mace              |   109 |   144 ||   253
 Abil: Dig               |     1 |     1 ||     2
 Stab: Sleeping          |     1 |       ||     1
  Eat: Chunk             |       |     6 ||     6
       Pizza             |       |     1 ||     1
Armor: Leather armour    |    57 |    40 ||    97
Dodge: Dodged            |    99 |   113 ||   212
